 Dungeon Crawl Stone Soup version 0.30-a0-760-g5a9884bb7c (webtiles) character file.

Game seed: 5520195872752467458

9 sircluck the Poker (level 2, -2/29 HPs)
             Began as an Ogre Gladiator on Feb 10, 2023.
             Slain by an adder (4 damage)
             ... on level 2 of the Dungeon.
             The game lasted 00:01:03 (396 turns).

sircluck the Poker (Ogre Gladiator)                  Turns: 396, Time: 00:01:03

Health: -2/29      AC:  3    Str: 17    XL:     2   Next: 12%
Magic:  2/2        EV: 10    Int:  9    God:
Gold:   23         SH:  0    Dex: 10    Spells: 1/1 levels left

rFire   + . .      SeeInvis .    n - staff of fire
rCold   . . .      Faith    .    (no shield)
rNeg    . . .      Spirit   .    b - +0 robe
rPois   .          Reflect  .    c - +0 hat
rElec   .          Harm     .    (no cloak)
rCorr   .          Rampage  .    (gloves unavailable)
Will    .....                    (boots unavailable)
Stlth   +                        (no amulet)
HPRegen 0.24/turn                (no ring)
MPRegen 0.08/turn                (no ring)

@: lethally poisoned (-2 -> -5)
A: large, unfitting armour, tough skin 1
a: no special abilities


You were on level 2 of the Dungeon.
You visited 1 branch of the dungeon, and saw 2 of its levels.

You collected 23 gold pieces.

Inventory:

Hand Weapons
 a - a +0 trident
Missiles
 d - 3 throwing nets (quivered)
 e - a large rock
Armour
 b - a +0 robe (worn)
 c - a +0 hat (worn)
Magical Staves
 n - a staff of fire (weapon)
Jewellery
 j - a ring of protection from cold
Scrolls
 f - a scroll of poison {unknown}
 g - a scroll of vulnerability {unknown}
 i - 3 scrolls of teleportation {unknown}
 l - a scroll of fog {unknown}
Potions
 h - a potion of degeneration {unknown}
 k - a potion of curing {unknown}
 m - a potion of magic {unknown}


   Skills:
 + Level 2.8 Fighting
 + Level 3.3 Polearms
 + Level 2.0 Throwing
 + Level 2.8 Dodging


You had one spell level left.
You didn't know any spells.
Your spell library contained the following spells:

 Spells                   Type           Power      Damage    Failure   Level
 Sandblast                Erth           0%         2d4       38%         1
 Passwall                 Tmut/Erth      0%         N/A       52%         2
 Stone Arrow              Conj/Erth      0%         3d7       77%         3


Dungeon Overview and Level Annotations

Branches:
Dungeon (2/15)

Altars:


Innate Abilities, Weirdness & Mutations

You are too large for most types of armour.
You have tough skin. (AC +1)


Message History

The adder poisons you! The kobold misses you. The adder bites you.
You are too injured to fight recklessly!
You are too injured to fight recklessly!
You are too injured to fight recklessly!
You are too injured to fight recklessly!
You are too injured to fight recklessly!
You are too injured to fight recklessly!
You are too injured to fight recklessly!
You are too injured to fight recklessly!
You are too injured to fight recklessly!
You are too injured to fight recklessly!
You are too injured to fight recklessly!
You hit the kobold but do no damage.
You feel sick. The adder bites you but does no damage. The kobold misses you.
You hit the kobold but do no damage.
You feel sick. The adder bites you. The kobold hits you with a +0 dagger.
* * * LOW HITPOINT WARNING * * *
The adder barely misses you.
You miss the adder.
The adder is heavily wounded.
You feel sick. The kobold closely misses you. The adder bites you.
* * * LOW HITPOINT WARNING * * *
You are lethally poisoned!
The adder poisons you!
You hit the adder.
The adder is severely wounded.
* * * LOW HITPOINT WARNING * * *
You feel sick. The adder bites you but does no damage.
The kobold barely misses you. The adder bites you.
* * * LOW HITPOINT WARNING * * *
You closely miss the adder.
The adder is severely wounded.
* * * LOW HITPOINT WARNING * * *
You feel sick. The kobold barely misses you. The adder barely misses you.
The kobold hits you but does no damage.
You completely miss the adder.
The adder is severely wounded.
* * * LOW HITPOINT WARNING * * *
You feel sick. The adder bites you.
You die...

...# ......... .
........# .. .......##
.$. #......#### ....
#........ .....
###......###.....#
###.........@K......
.............S.#####
.>####.#......# ### ##
#.#......###.. ..##
###.#.?........####..####
#...#..........#.$.......
#.###....$.###.#.........
#.# #####.####...........
###.# #................


You could see an adder and a kobold.

Vanquished Creatures
  5 kobolds
  A quokka (D:1)
  2 bats (D:1)
8 creatures vanquished.

Notes
Turn   | Place    | Note
-------+----------+-------------------------------------------
     0 | D:1      | sircluck the Ogre Gladiator began the quest for the Orb.
     0 | D:1      | Reached XP level 1. HP: 22/22 MP: 1/1
   170 | D:1      | Reached XP level 2. HP: 29/29 MP: 2/2
   396 | D:2      | Slain by an adder

Illustrated notes

Levels and vault maps discovered:
D:1:      minmay_arrival_diagonal_passages, layout_basic, serial_corexii_hall,
          chequers_hall_statues_y, corexii_hall_statues_i, serial_bayou_ford_a,
          roderic_st_hans_cross, chequers_serial_rivers_micro_b,
          minmay_misc_feat_secret_circle, minmay_misc_feat_tiny,
          minmay_hexomino_f4
D:2:      layout_rooms

Action                     || total
---------------------------++-------
  Melee: Trident           ||    14
         Punch             ||     1
         Staff             ||    14
   Stab: Sleeping          ||     1
 Armour: Robe              ||    10
  Dodge: Dodged            ||    16

Table legend: (Time is in decaauts)
 A = Elapsed time spent in this place.
 B = Non-inter-level travel time spent in this place.
 C = Inter-level travel time spent in this place.
 D = Time resting spent in this place.
 E = Time spent auto-exploring this place.
 F = Levels seen in this place.
 G = Mean time per level.
                   A        B        C        D        E       F      G
               +--------+--------+--------+--------+--------+-----+--------+
         Total |    398 |    342 |     56 |      0 |    271 |   2 |  199.0 |
       Dungeon |    398 |    342 |     56 |      0 |    271 |   2 |  199.0 |
               +--------+--------+--------+--------+--------+-----+--------+

Top non-repeatable levels by time:
     D:1: 339 daAuts
     D:2: 58 daAuts
